 Dungeon Crawl Stone Soup version 0.17.1-2-g5865329 (webtiles) character file.

357 PossumBlood the Chopper (level 6, -6/47 HPs)
             Began as a Formicid Fighter on Jan 19, 2016.
             Mangled by an ogre
             ... wielding a +0 giant spiked club
              (24 damage)
             ... on level 4 of the Dungeon.
             The game lasted 00:06:39 (3298 turns).

PossumBlood the Chopper (Formicid Fighter)          Turns: 3298, Time: 00:06:39

Health: -6/47      AC:  6    Str: 22    XL:     6   Next: 96%
Magic:  15/15      EV:  8    Int:  8    God:
Gold:   268        SH:  9    Dex: 10    Spells: 0 memorised, 5 levels left

rFire  . . .     SeeInvis +     a - +0 war axe
rCold  . . .     Clarity  .     b - +0 scale mail
rNeg   . . .     SustAt   +     c - +0 shield
rPois  .         Gourm    .     (helmet unavailable)
rElec  .         Spirit   .     (no cloak)
rCorr  .         Warding  .     (no gloves)
rMut   .         Stasis   +     (no boots)
MR     .....                    (no amulet)
Stlth  ..........               k - ring of sustain attributes
                                f - ring of magical power

@: not resistant to hostile enchantments, extremely unstealthy
A: permanent stasis, dig shafts and tunnels, four strong arms, antennae 3
a: Dig, Shaft Self


You were on level 4 of the Dungeon.
You were not hungry.

You visited 1 branch of the dungeon, and saw 4 of its levels.

You collected 268 gold pieces.

Inventory:

Hand Weapons
 a - a +0 war axe (weapon)
Armour
 b - a +0 scale mail (worn)
 c - a +0 shield (worn)
Jewellery
 f - a ring of magical power (left hand)
 k - a ring of sustain attributes (right hand)
Scrolls
 h - a scroll of recharging
 i - 3 scrolls of remove curse
 q - a scroll of fog
Potions
 d - a potion of might
 e - a potion of degeneration {unknown}
 g - a potion of curing
 l - a potion of poison {unknown}
 m - a potion of lignification {unknown}
 n - a potion of agility {unknown}
 o - a potion of ambrosia
 p - a potion of berserk rage {unknown}
Comestibles
 j - a meat ration


   Skills:
 - Level 3.2 Fighting
 * Level 6.8 Axes
 - Level 3.2 Armour
 - Level 3.6 Shields


You had 5 spell levels left.
You didn't know any spells.

Dungeon Overview and Level Annotations

Branches:
Dungeon (4/15)
 Temple: D:4-7

Altars:
Nemelex Xobeh


Innate Abilities, Weirdness & Mutations

You are under a permanent stasis effect.
You can dig through walls and to a lower floor.
Your four strong arms can wield two-handed weapons with a shield.
You have a pair of large antennae on your head (SInv).


Message History

You closely miss the adder. The adder bites you. The adder barely misses you.
You barely miss the adder. The adder bites you but does no damage.
You slash the adder!
You kill the adder!
No target in view!
No target in view!
No target in view!
Found a hand axe.
An ogre comes into view. It is wielding a giant spiked club.
The ogre shouts!
Your shield prevents you from hitting the ogre.
The ogre hits you with a giant spiked club!
You slash the ogre!
The ogre is heavily wounded.
The ogre hits you with a giant spiked club!!
You hit the ogre but do no damage.
The ogre is heavily wounded.
The ogre hits you with a giant spiked club!!
Ouch! That really hurt!
You die...

.####...#.#####.# .#
#.#.#.##.##.####
#####.#....#.##....#
..........##.#####.#
######...###...(...# ..#
#.#..##.......# #.#
#.......####.## #########
#.#######.##.####.####.......#
<.........#.....@O...'..<....#
##...........##.≈≈≈.##.......#
##.###....#.#...≈(≈.##.......#
...# #......#.#.≈≈≈.##.......#
#### #....###.#.....##.......#
...# #....###.##.#.###.......#
...# ####.##.......# #...(...#
...######.#...#....# #(......#
...##.)...#......#.######'####


You could see an ogre.

Vanquished Creatures
  A scorpion (D:4)
  A crimson imp (D:4)
  An orc wizard (D:3)
  4 orc priests
  Terence (D:2)
  2 adders
  An ooze (D:4)
  6 worms
  4 giant geckos
  11 orcs
  5 giant cockroaches
  4 hobgoblins
  3 jackals (D:3)
  3 ball pythons
  4 bats
  2 giant newts
  2 goblins
  4 kobolds
  5 rats
64 creatures vanquished.

Vanquished Creatures (others)
  An adder (D:3)
1 creature vanquished.

Grand Total: 65 creatures vanquished

Notes
Turn   | Place    | Note
--------------------------------------------------------------
     0 | D:1      | PossumBlood the Formicid Fighter began the quest for the Orb.
     0 | D:1      | Reached XP level 1. HP: 18/18 MP: 1/1
   116 | D:1      | Reached XP level 2. HP: 22/24 MP: 2/2
   653 | D:2      | Reached XP level 3. HP: 12/29 MP: 3/3
   957 | D:2      | Noticed Terence
   965 | D:2      | Killed Terence
   965 | D:2      | Reached skill level 4 in Axes
   965 | D:2      | Reached XP level 4. HP: 26/35 MP: 4/4
  1320 | D:2      | Found a sparkling altar of Nemelex Xobeh.
  1509 | D:3      | Reached XP level 5. HP: 11/41 MP: 5/5
  1516 | D:3      | Reached skill level 5 in Axes
  2398 | D:4      | Reached XP level 6. HP: 25/47 MP: 6/6
  2815 | D:4      | Reached skill level 6 in Axes
  3298 | D:4      | Mangled by an ogre

Action                   |  1- 3 |  4- 6 || total
-------------------------+-------+-------++-------
Melee: War axe           |    83 |   112 ||   195
  Use: Scroll            |       |     6 ||     6
       Potion            |       |     3 ||     3
  Eat: Bread ration      |       |     1 ||     1
       Meat ration       |       |     1 ||     1
